 Dungeon Crawl Stone Soup version 0.19.5 (webtiles) character file.

80 JeffiDaFish the Covered (level 4, -3/28 HPs)
             Began as a Gargoyle Fighter on Sept 26, 2017.
             Slain by JeffiDaFish's ghost (9 damage)
             ... on level 3 of the Dungeon.
             The game lasted 00:03:01 (1545 turns).

JeffiDaFish the Covered (Gargoyle Fighter)          Turns: 1545, Time: 00:03:01

Health: -3/28      AC: 10    Str: 25    XL:     4   Next: 39%
Magic:  4/4        EV:  7    Int:  8    God:
Gold:   52         SH: 10    Dex: 10    Spells: 0 memorised, 3 levels left

rFire  . . .     SeeInvis .     a - +0 war axe
rCold  . . .     Gourm    .     b - +0 scale mail
rNeg   + . .     Faith    .     c - +0 shield
rPois  ∞         Spirit   .     (no helmet)
rElec  +         Reflect  .     (no cloak)
rCorr  .         Harm     .     (no gloves)
MR     .....                    (no boots)
Stlth  ..........               (no amulet)
                                (no ring)
                                (no ring)

@: mighty
A: negative energy resistance 1, electricity resistance, unbreathing,
petrification resistance, rot immunity, AC +3
a: no special abilities


You were on level 3 of the Dungeon.
You were not hungry.

You visited 1 branch of the dungeon, and saw 3 of its levels.

You collected 52 gold pieces.

Inventory:

Hand Weapons
 a - a +0 war axe (weapon)
Armour
 b - a +0 scale mail (worn)
 c - a +0 shield (worn)
Scrolls
 e - 2 scrolls of amnesia
Potions
 i - a potion of flight
Comestibles
 f - a bread ration
 g - 4 fruits
 h - 2 meat rations


   Skills:
 + Level 3.5 Fighting
 + Level 2.9 Axes
 + Level 4.0 Armour
 + Level 0.2 Dodging
 + Level 3.8 Shields


You had 3 spell levels left.
You didn't know any spells.

Dungeon Overview and Level Annotations

Branches:
Dungeon (3/15)

Altars:

Annotations:
D:3 JeffiDaFish's ghost, amateur GrFi


Innate Abilities, Weirdness & Mutations

You are resistant to torment.
Your stone body is resilient. (AC +3)
You are immune to poison.
You resist negative energy. (rN+)
You are resistant to electric shocks. (rElec)
You can survive without breathing.
You are immune to petrification.
You are immune to rotting.


Message History

JeffiDaFish's ghost barely misses you.
You hit JeffiDaFish's ghost.
JeffiDaFish's ghost is moderately damaged.
You block JeffiDaFish's ghost's attack.
JeffiDaFish's ghost hits you but does no damage.
You closely miss JeffiDaFish's ghost.
JeffiDaFish's ghost is moderately damaged.
JeffiDaFish's ghost hits you.
You closely miss JeffiDaFish's ghost.
JeffiDaFish's ghost is moderately damaged.
JeffiDaFish's ghost barely misses you. x2
You completely miss JeffiDaFish's ghost.
JeffiDaFish's ghost is moderately damaged.
You block JeffiDaFish's ghost's attack.
You slice JeffiDaFish's ghost!!
JeffiDaFish's ghost is almost destroyed.
JeffiDaFish's ghost hits you.
* * * LOW HITPOINT WARNING * * *
JeffiDaFish's ghost hits you!
You die...

#.% #..... ######...
#.... . #....... #...#
.. #......# #...# ...
#......# #...#
....#......#####...####
.....................>##
....#......#####........
......W@.).....###......
###.####..†.#..# #......
........#.# #......
#.##....## # #...... #
#...... #.##.## #....##.
...##.# ###... <.....#.#
#.####.#.. #.# .... #.##


You could see JeffiDaFish's ghost.

Vanquished Creatures
  A gnoll (D:1)
  3 adders
  2 leopard geckos
  An orc (D:3)
  A giant cockroach (D:2)
  8 goblins
  4 hobgoblins
  3 jackals (D:2)
  5 kobolds
  6 bats
  4 frilled lizards
  5 rats
43 creatures vanquished.

Notes
Turn   | Place    | Note
-------+----------+-------------------------------------------
     0 | D:1      | JeffiDaFish the Gargoyle Fighter began the quest for the Orb.
     0 | D:1      | Reached XP level 1. HP: 14/14 MP: 1/1
    85 | D:1      | Reached XP level 2. HP: 11/19 MP: 2/2
   522 | D:1      | Reached XP level 3. HP: 20/23 MP: 3/3
   700 | D:2      | Found a faded altar of an unknown god.
  1288 | D:3      | Reached XP level 4. HP: 26/28 MP: 4/4
  1532 | D:3      | Noticed JeffiDaFish's ghost (amateur GrFi)
  1532 | D:3      | Reached skill level 4 in Armour
  1545 | D:3      | Slain by JeffiDaFish's ghost

Skill      XL: |  1  2  3  4 |
---------------+-------------+-----
Axes           | 2 |  2.9
Armour         | 4 |  4.0
Fighting       | |  3.5
Dodging        | |  0.2
Shields        | |  3.8

Action                   |  1- 3 |  4- 6 || total
-------------------------+-------+-------++-------
Melee: War axe           |   110 |    24 ||   134
  Use: Scroll            |     3 |     1 ||     4
       Potion            |     3 |     2 ||     5
  Eat: Chunk             |     1 |     1 ||     2
Armor: Scale mail        |    69 |    15 ||    84
       Skin              |     9 |       ||     9
Dodge: Dodged            |    50 |     9 ||    59
Block: Shield            |    61 |    10 ||    71
